 Dungeon Crawl Stone Soup version 0.19-a0-1384-gbb462ca (webtiles) character file.

24880 dvd the Thaumaturge (level 13, -4/86 HPs)
             Began as a Human Wanderer on Sept 3, 2016.
             Was a High Priest of Hepliaklqana.
             Slain by a five-headed hydra (14 damage)
             ... on level 4 of the Lair of Beasts.
             The game lasted 01:56:01 (20580 turns).

dvd the Thaumaturge (Human Wanderer)               Turns: 20580, Time: 01:56:02

Health: -4/86      AC: 12    Str: 17    XL:     13   Next: 46%
Magic:  9/37       EV: 17    Int: 13    God:    Hepliaklqana [*****.]
Gold:   1124       SH:  0    Dex: 13    Spells: 6 memorised, 23 levels left

rFire  + + .     SeeInvis .     a - +3 flail (protect)
rCold  . . .     Gourm    +     l - +0 robe of the Thunderstorm {rF++ MR+}
rNeg   . . .     Faith    .     (no shield)
rPois  +         Spirit   .     T - +2 hat
rElec  .         Dismiss  .     O - +1 cloak
rCorr  .         Reflect  .     (no gloves)
MR     +....     Harm     .     M - +0 pair of boots
Stlth  +++.......               N - amulet of the gourmand
                                p - ring of magical power
                                Y - ring of poison resistance

@: very slightly contaminated, repel missiles
A: beak, blink, regeneration 1
a: Blink, Recall Ancestor, Ancestor Identity, Transference, Idealise, Renounce
Religion


You were on level 4 of the Lair of Beasts.
You worshipped Hepliaklqana.
Hepliaklqana was extremely pleased with you.
You were completely stuffed.

You visited 3 branches of the dungeon, and saw 15 of its levels.
You also visited: Sewer.

You collected 1124 gold pieces.

Inventory:

Hand Weapons
 a - a +3 flail of protection (weapon)
 e - a +2 scythe of venom
 Q - a +0 war axe of electrocution
 S - a +1 war axe of freezing
 Z - a +1 battleaxe of freezing
Armour
 d - a +0 robe
 l - the +0 robe of the Thunderstorm (worn) {rF++ MR+}
   (You found it on level 1 of the Lair of Beasts)

   It greatly protects you from fire.
   It affects your resistance to hostile enchantments.
 r - a +0 ring mail of poison resistance
 w - a +2 robe of fire resistance
 x - a +0 pair of boots
 I - a +2 large shield
 L - a +0 ring mail of fire resistance
 M - a +0 pair of boots (worn)
 O - a +1 cloak (worn)
 T - a +2 hat (worn)
Jewellery
 h - an uncursed ring of flight
 p - a ring of magical power (right hand)
 F - an uncursed ring of stealth
 H - an uncursed amulet of harm
 N - an amulet of the gourmand (around neck)
 Y - a ring of poison resistance (left hand)
Wands
 n - a wand of flame (22/48)
 q - a wand of flame (19/48)
 B - a wand of flame (21/48)
 K - a wand of iceblast (4/15)
 R - a wand of heal wounds (6/9)
 U - a wand of iceblast (5/15)
Scrolls
 g - 3 scrolls of teleportation
 j - 11 scrolls of identify
 m - 3 scrolls of amnesia
 t - a scroll of magic mapping
 v - 12 scrolls of remove curse
 E - 3 scrolls of fear
 J - 3 scrolls of fog
Potions
 i - a potion of curing
 o - 2 potions of haste
 u - a potion of cancellation
 D - 2 potions of flight
 W - a potion of brilliance
Books
 b - the Almanac of Beyond

   Spells                             Type                      Level
   a - Repel Missiles                 Charms/Air                   2
   b - Swiftness                      Charms/Air                   2
 c - the Disquisition on Dark Arts

   Spells                             Type                      Level
   a - Animate Skeleton               Necromancy                   1
   b - Vampiric Draining              Necromancy                   3
 k - a book of Changes

   Spells                             Type                      Level
   a - Beastly Appendage              Transmutation                1
   b - Sticks to Snakes               Transmutation                2
   c - Spider Form                    Transmutation/Poison         3
   d - Ice Form                       Ice/Transmutation            4
   e - Blade Hands                    Transmutation                5
 y - a book of Enchantments

   Spells                             Type                      Level
   a - Cause Fear                     Hexes                        4
   b - Yara's Violent Unravelling     Hexes/Transmutation          5
   c - Silence                        Hexes/Air                    5
   d - Deflect Missiles               Charms/Air                   6
   e - Haste                          Charms                       6
   f - Discord                        Hexes                        8
 C - a book of Minor Magic

   Spells                             Type                      Level
   a - Magic Dart                     Conjuration                  1
   b - Blink                          Translocation                2
   c - Call Imp                       Summoning                    2
   d - Repel Missiles                 Charms/Air                   2
   e - Slow                           Hexes                        2
   f - Conjure Flame                  Conjuration/Fire             3
   g - Mephitic Cloud                 Conjuration/Poison/Air       3
 X - a Grand Grimoire

   Spells                             Type                      Level
   a - Monstrous Menagerie            Summoning                    7
   b - Summon Greater Demon           Summoning                    7
   c - Malign Gateway                 Summoning/Translocation      7
   d - Summon Horrible Things         Summoning                    8
Comestibles
 f - 4 bread rations
 s - 40 fruits
 z - 5 beef jerkies
 A - 4 meat rations
 P - a slice of pizza


   Skills:
 + Level 7.3 Fighting
 + Level 1.9(3.7) Axes
 + Level 5.0(5.2) Maces & Flails
 + Level 3.0 Armour
 + Level 8.6 Dodging
 + Level 6.0 Stealth
 + Level 1.0 Shields
 + Level 11.0 Spellcasting
 + Level 4.6 Conjurations
 + Level 0.2 Charms
 + Level 7.8 Summonings
 + Level 6.3 Necromancy
 + Level 6.2 Invocations
 + Level 0.2 Evocations


You had 23 spell levels left.
You knew the following spells:

 Your Spells              Type           Power        Failure   Level  Hunger
a - Magic Dart            Conj           ###.         1%          1    None
b - Call Imp              Summ           ####....     1%          2    None
c - Repel Missiles        Chrm/Air       #.....       17%         2    None
d - Blink                 Tloc           N/A          17%         2    None
e - Vampiric Draining     Necr           ###.......   1%          3    #......
f - Animate Skeleton      Necr           N/A          1%          1    None


Dungeon Overview and Level Annotations

Branches:
Dungeon (10/15)            Temple (1/1) D:4            Lair (4/6) D:10
 Shoals (0/4) Lair:2        Snake (0/4) Lair:4
    Orc: D:9-12

Altars:
Ashenzari
Cheibriados
Dithmenos
Elyvilon
Fedhas
Gozag
Hepliaklqana
Kikubaaqudgha
Makhleb
Nemelex Xobeh
Okawaru
Qazlal
Ru
Sif Muna
Trog
Uskayaw
Vehumet
Xom
Yredelemnul
Zin
The Shining One

Shops:
D:4 (

Annotations:
D:4 DEFE's ghost, amateur MfFi


Innate Abilities, Weirdness & Mutations

You have a beak for a mouth.
You can translocate small distances at will.
Your natural rate of healing is unusually fast.


Message History

Aiming: Vampiric Draining
Press: ? - help, Shift-Dir - straight line, f/p - five-headed hydra
Aim: a five-headed hydra (moderately wounded, lightly drained)
The five-headed hydra is moderately wounded.
You feel life coursing into your body. The five-headed hydra bites you.
The five-headed hydra bites you! x2
* * * LOW HITPOINT WARNING * * *
The five-headed hydra barely misses you.
The five-headed hydra bites you!
* * * LOW HITPOINT WARNING * * *
Your crimson imp blinks!
Your crimson imp hits the five-headed hydra.
As you read the scroll of fear, it crumbles to dust.
You assume a fearsome visage.
Your crimson imp is unaffected.
The five-headed hydra resists with some effort.
The five-headed hydra bites you.
* * * LOW HITPOINT WARNING * * *
The five-headed hydra bites you!
You die...

.....................#
.....................#
.....................#
.....5.D.<..........##
....................#
....................#
....................##
...................<.#
...............D@...##
...†..........§.5...#
....................#
....................##
...#.##..#..####.....#
...#####..### #.....P#
.### #### #......# .##
#.....## ..## ##....#


You could see a five-headed hydra and a friendly crimson imp.

Vanquished Creatures
  A hydra (Lair:2)
  Erica (Lair:1)
  2 death yaks
  A griffon (Lair:1)
  2 elephants (Lair:2)
  2 spiny frogs
  A komodo dragon (Lair:3)
  A rime drake (Lair:3)
  8 yaks
  3 hippogriffs
  A hungry ghost (D:7)
  A basilisk (Lair:2)
  3 water moccasins
  8 soldier ants
  8 porcupines
  Purgy (Sewer)
  A black bear (D:8)
  2 orc warriors
  4 ice beasts
  2 phantoms
  A centaur (D:9)
  5 crocodiles
  12 giant frogs
  3 scorpions
  11 killer bees
  2 howler monkeys (D:8)
  2 crimson imps
  2 giant frog zombies
  A jelly (D:10)
  5 hounds
  2 orc priests
  4 orc wizards
  A centaur skeleton (D:7)
  A giant frog skeleton (D:10)
  6 iguanas
  13 worker ants
  Terence (D:3)
  2 gnolls (D:6)
  15 adders
  16 river rats
  3 shadow imps
  2 worms (D:4)
  2 dart slugs
  6 giant geckos
  15 orcs
  5 bats
  5 giant cockroaches
  7 goblins
  9 hobgoblins
  9 jackals
  6 quokkas
  3 ball pythons
  4 giant newts
  10 kobolds
  A quokka skeleton (D:9)
  7 rats
  A fungus (Lair:4)
253 creatures vanquished.

Vanquished Creatures (collateral kills)
  Rupert (Lair:3)
  A death yak (Lair:3)
  The ghost of Aquadorian the Basher, a novice GrBe of Trog (D:10)
  3 hill giants
  An ugly thing (D:10)
  2 elephants (Lair:2)
  A black mamba (Lair:4)
  6 spiny frogs
  A komodo dragon (Lair:2)
  3 rime drakes
  A troll (D:10)
  A two-headed ogre (D:9)
  Sigmund (D:6)
  9 yaks
  A hippogriff (Lair:4)
  Edmund (D:4)
  6 water moccasins
  7 soldier ants (Lair:4)
  An orc warrior (D:7)
  5 porcupines
  2 eyes of draining
  4 ice beasts
  A black bear (D:8)
  2 phantoms
  5 ogres
  A centaur (D:8)
  3 crocodiles
  A big kobold (D:9)
  A giant frog (D:8)
  A gnoll sergeant (D:6)
  4 scorpions
  6 killer bees
  3 howler monkeys
  A crimson imp (D:5)
  2 jellies
  2 orc priests
  2 hounds
  A giant frog skeleton (D:4)
  6 orc wizards
  2 hell rats (D:10)
  12 worker ants
  A hound skeleton (D:7)
  A gnoll (D:6)
  16 adders
  9 river rats
  4 giant geckos (D:5)
  12 orcs
  2 giant cockroaches
  2 hobgoblins (D:6)
  4 jackals
  4 kobolds
  2 quokkas
  A giant newt (D:2)
173 creatures vanquished.

Vanquished Creatures (others)
  11 hexers
  An ancestor (D:4)
  An orc (D:10)
  2 fungi (Lair:4)
  A plant (Lair:2)
16 creatures vanquished.

Grand Total: 442 creatures vanquished

Notes
Turn   | Place    | Note
-------+----------+-------------------------------------------
     0 | D:1      | dvd the Human Wanderer began the quest for the Orb.
     0 | D:1      | dvd set off with: a book of Minor Magic, the Almanac of Beyond, the Disquisition on Dark Arts, a +0 robe, a +0 club, a bread ration
     0 | D:1      | Reached XP level 1. HP: 18/18 MP: 3/3
     0 | D:1      | Identified the Almanac of Beyond
     0 | D:1      | Identified the Disquisition on Dark Arts
    31 | D:1      | Learned a level 1 spell: Magic Dart
   154 | D:1      | Reached XP level 2. HP: 24/24 MP: 0/5
   731 | D:1      | Reached skill level 1 in Dodging
   919 | D:1      | Learned a level 2 spell: Call Imp
   950 | D:1      | Reached XP level 3. HP: 29/29 MP: 2/6
  1659 | D:2      | Learned a level 2 spell: Repel Missiles
  1705 | D:2      | Reached XP level 4. HP: 24/37 MP: 1/7
  1774 | D:2      | Learned a level 1 spell: Animate Skeleton
  2960 | D:3      | Reached skill level 1 in Maces & Flails
  2960 | D:3      | Reached XP level 5. HP: 34/42 MP: 2/8
  3043 | D:3      | Found a glowing golden altar of the Shining One.
  3043 | D:3      | Found a shattered altar of Ashenzari.
  3365 | D:3      | Noticed Terence
  3379 | D:3      | Killed Terence
  3981 | D:4      | Reached XP level 6. HP: 9/48 MP: 5/10
  4039 | D:4      | Noticed DEFE's ghost (amateur MfFi)
  4069 | D:4      | HP: 1/48 [orc wizard/dagger (3)]
  4086 | D:4      | Found a staircase to the Ecumenical Temple.
  4102 | Temple   | Entered the Ecumenical Temple
  4197 | Temple   | Became a worshipper of Hepliaklqana
  4341 | D:4      | Found a shimmering altar of Xom.
  4416 | D:4      | Found Tiplomash's Weapon Shop.
  4467 | D:4      | Reached skill level 3 in Spellcasting
  4577 | D:4      | Noticed an ogre
  4590 | D:4      | Killed an ogre
  4590 | D:4      | Reached skill level 1 in Summonings
  4683 | D:4      | Noticed Edmund
  4817 | D:4      | Killed Edmund
  4817 | D:4      | Reached XP level 7. HP: 48/48 MP: 1/12
  5531 | D:4      | Reached skill level 4 in Spellcasting
  5820 | D:5      | Entered Level 5 of the Dungeon
  5829 | D:5      | Reached * piety under Hepliaklqana
  5851 | D:5      | Reached XP level 8. HP: 46/54 MP: 6/14
  6103 | D:5      | Found a glowing drain.
  6134 | Sewer    | Entered a sewer
  6362 | Sewer    | Noticed Purgy
  6376 | Sewer    | Killed Purgy
  6740 | D:5      | Learned a level 2 spell: Blink
  6766 | D:5      | Reached ** piety under Hepliaklqana
  6767 | D:5      | Remembered your ancestor Xiuhtonal as a hexer
  7057 | D:5      | Reached skill level 1 in Axes
  7110 | D:5      | Reached skill level 5 in Fighting
  7243 | D:5      | Reached skill level 5 in Dodging
  7275 | D:6      | Found a white marble altar of Elyvilon.
  7344 | D:6      | Reached XP level 9. HP: 44/61 MP: 6/16
  7647 | D:6      | Noticed Sigmund
  7683 | D:6      | Killed Sigmund
  7683 | D:6      | Reached skill level 5 in Spellcasting
  8043 | D:6      | Reached *** piety under Hepliaklqana
  8791 | D:7      | Reached skill level 6 in Spellcasting
  9177 | D:7      | Noticed a hill giant
  9391 | D:7      | Killed a hill giant
  9391 | D:7      | Reached XP level 10. HP: 24/68 MP: 6/19
  9522 | D:7      | Reached skill level 5 in Summonings
  9533 | D:7      | Learned a level 3 spell: Vampiric Draining
  9876 | D:8      | Reached **** piety under Hepliaklqana
  9929 | D:8      | Reached skill level 7 in Spellcasting
  9988 | D:8      | Reached skill level 1 in Invocations
 10639 | D:8      | Found a bloodstained altar of Trog.
 11267 | D:9      | Found a glowing silver altar of Zin.
 11446 | D:9      | Reached skill level 1 in Armour
 12081 | D:9      | Reached ***** piety under Hepliaklqana
 12528 | D:10     | Entered Level 10 of the Dungeon
 12759 | D:10     | Reached XP level 11. HP: 70/72 MP: 22/22
 12853 | D:10     | Found a staircase to the Lair.
 12969 | D:10     | Noticed a hill giant
 12981 | D:10     | Killed a hill giant
 12995 | D:10     | Noticed a purple ugly thing
 13006 | D:10     | Killed a purple ugly thing
 13013 | D:10     | Reached skill level 8 in Spellcasting
 13160 | D:10     | Noticed Aquadorian's ghost (novice GrBe)
 13504 | D:10     | Noticed a hill giant
 13515 | D:10     | Killed a hill giant
 13808 | D:10     | Killed Aquadorian's ghost
 13808 | D:10     | Reached skill level 5 in Invocations
 13905 | D:10     | Reached skill level 5 in Stealth
 14083 | Lair:1   | Entered Level 1 of the Lair of Beasts
 14228 | Lair:1   | Noticed Erica
 14240 | Lair:1   | Killed Erica
 14306 | Lair:1   | HP: 1/73 [crocodile (16)]
 15121 | Lair:1   | Got an ichor-stained robe
 15132 | Lair:1   | Identified the +0 robe of the Thunderstorm {rF++ MR+} (You found it on level 1 of the Lair of Beasts)
 15412 | Lair:1   | Reached XP level 12. HP: 31/80 MP: 10/24
 15423 | Lair:1   | Reached skill level 9 in Spellcasting
 16018 | Lair:2   | Found a staircase to the Shoals.
 17185 | Lair:2   | Noticed a six-headed hydra
 17348 | Lair:2   | Learned a level 1 spell: Animate Skeleton
 17673 | Lair:2   | Killed a six-headed hydra
 17673 | Lair:2   | Reached skill level 10 in Spellcasting
 17909 | Lair:3   | Reached ****** piety under Hepliaklqana
 18550 | Lair:3   | Noticed a death yak
 18553 | Lair:3   | Noticed Rupert
 18555 | Lair:3   | Noticed a death yak
 18557 | Lair:3   | Noticed a death yak
 18594 | Lair:2   | Killed a death yak
 18696 | Lair:3   | Killed a death yak
 19037 | Lair:3   | Killed a death yak
 19060 | Lair:3   | Reached skill level 5 in Necromancy
 19077 | Lair:3   | Reached XP level 13. HP: 28/86 MP: 10/27
 19077 | Lair:3   | Killed Rupert
 19587 | Lair:4   | Found a staircase to the Snake Pit.
 19902 | Lair:4   | Gained mutation: Your natural rate of healing is unusually fast. [potion of mutation]
 19902 | Lair:4   | Gained mutation: You can translocate small distances at will. [potion of mutation]
 19902 | Lair:4   | Gained mutation: You have a beak for a mouth. [potion of mutation]
 19929 | Lair:4   | Reached skill level 5 in Maces & Flails
 19958 | Lair:4   | Noticed an entropy weaver
 19975 | Lair:4   | Noticed a five-headed hydra
 20141 | Lair:4   | Reached skill level 11 in Spellcasting
 20240 | Lair:4   | Noticed a catoblepas
 20580 | Lair:4   | Slain by a five-headed hydra

Vault maps used:
D:1:      scummos_arrival_checkerplants, minmay_strange_pillars
D:2:      supply_closet_lemuel
D:3:      gammafunk_temple_overflow_elements, first_bread,
          grunt_decor_resistance, uniq_terence
D:4:      xom_teletrap_fun, serial_shops, shop, minivault_11,
          saegor_snake_ambush, uniq_edmund
D:5:      gup_sewer_entry_pipe, kennysheep_pointless_box
D:6:      lemuel_crystal_altar, sigmund_army
D:7:      eino_jars
D:8:      trog_ov_bears_minmay
D:9:      basic_altar
D:10:     dpeg_lair_monsters
Temple:   regret_index_temple_sphere_string
Lair:1:   minmay_holes, grunt_forest_large_clearings, uniq_erica
Lair:2:   shoals_dummy_entry, beast_lair_carwin_1
Lair:3:   uniq_rupert
Lair:4:   minmay_snake_entry_six_corridors, minivault_29
Sewer:    kennysheep_door_sewer

Skill      XL: |  1  2  3  4  5  6  7  8  9 10 11 12 13 |
---------------+----------------------------------------+-----
Dodging        | 1 2 3 5 6 7 8 |  8.6
Maces & Flails | 1 2 3 4 5 |  5.0
Conjurations   | 2 3 4 |  4.6
Spellcasting   | 3 4 6 7 8 10 11 | 11.0
Summonings     | 1 2 3 4 5 6 7 |  7.8
Fighting       | 4 5 6 7 |  7.3
Stealth        | 2 3 4 5 6 |  6.0
Axes           | 1 |  1.9
Invocations    | 3 5 6 |  6.2
Armour         | 1 3 |  3.0
Necromancy     | 3 5 6 |  6.3
Shields        | |  1.0
Charms         | |  0.2
Evocations     | |  0.2

Action                   |  1- 3 |  4- 6 |  7- 9 | 10-12 | 13-15 || total
-------------------------+-------+-------+-------+-------+-------++-------
Melee: Club              |    28 |       |       |       |       ||    28
       Whip              |    62 |   107 |       |       |       ||   169
       War axe           |       |    16 |       |    46 |     1 ||    63
       Flail             |       |     2 |   136 |   458 |    93 ||   689
       Hand axe          |       |       |    53 |       |       ||    53
       Peck              |       |       |       |       |    10 ||    10
 Cast: Magic Dart        |    55 |    70 |    85 |   162 |    47 ||   419
       Repel Missiles    |     1 |       |     1 |     1 |     1 ||     4
       Call Imp          |       |    18 |    58 |   160 |    38 ||   274
       Animate Skeleton  |       |     1 |       |     3 |    11 ||    15
       Vampiric Draining |       |       |       |    95 |    34 ||   129
       Blink             |       |       |       |     1 |       ||     1
Invok: Ancestor Identity |       |     1 |       |       |       ||     1
       Recall Ancestor   |       |       |     2 |     4 |     1 ||     7
       Ancestor Life: He |       |       |     1 |       |       ||     1
       Idealise          |       |       |       |     2 |     1 ||     3
       Transference      |       |       |       |       |     1 ||     1
Evoke: Wand              |       |       |     1 |     5 |     1 ||     7
  Use: Potion            |       |     4 |    12 |     6 |     1 ||    23
       Scroll            |       |     5 |    11 |    16 |     4 ||    36
 Stab: Sleeping          |       |     2 |     6 |     7 |     1 ||    16
       Distracted        |       |       |     5 |    14 |     5 ||    24
       Confused          |       |       |       |    14 |     1 ||    15
  Eat: Chunk             |     4 |    14 |    16 |    41 |     7 ||    82
       Beef jerky        |       |       |     1 |       |       ||     1
       Meat ration       |       |       |       |     1 |       ||     1
       Pizza             |       |       |       |     1 |       ||     1
Armor: Robe              |    25 |    31 |    63 |    86 |    35 ||   240
       Ring mail         |       |       |       |   120 |       ||   120
Dodge: Dodged            |    80 |   113 |   186 |   532 |   120 ||  1031
       Deflected         |       |     1 |       |     5 |       ||     6
